AoeStats
← Franquitoo

Golden Pit

509320229Analyzed
1v1 RM · 6d ago on Sep 26, 2026· 78m 50s· 2 players
Game mode
Random Map
Map size
Tiny (2 player)
Population
200
Speed
Normal
Resources
Standard
Victory
Conquest
Starting age
Dark Age
Ending age
Imperial Age
RankedLock teamsTeams togetherTeam positionsShared explorationLock speedFull tech treeHidden civsTurbo modeCheats
Victory
Defeat
🇷🇺 Khmer · Russia
786
+35
🇦🇷 Teutons · Argentina
750
-14
Franquitoo
1:22 Loom
11:13 Feudal Age
11:42 Double-Bit Axe
13:13 Gold Mining
13:06 Horse Collar
14:59 Wheelbarrow
19:36 Stone Mining
19:40 Town Watch
22:17 Castle Age
21:19 Fletching
22:54 Forging
22:06 Man-at-Arms
22:32 Arson
23:40 Bodkin Arrow
23:36 Gambesons
24:00 Heavy Plow
24:14 Bow Saw
25:42 Stone Shaft Mining
26:00 Squires
26:14 Long Swordsman
29:42 Ballistics
30:47 Hand Cart
31:52 Masonry
31:35 Guard Tower
32:57 Scale Mail Armor
32:59 Padded Archer Armor
35:00 Town Patrol
35:13 Pikeman
35:21 Elite Skirmisher
39:07 Imperial Age
39:34 Capped Ram
41:23 Chemistry
41:06 Conscription
41:06 Elite Teutonic Knight
47:02 Halberdier
48:47 Two-Handed Swordsman
50:13 Chain Mail Armor
55:30 Heavy Scorpion
58:48 Crop Rotation
59:26 Two-Man Saw
64:23 Plate Mail Armor
64:29 Iron Casting
68:47 Leather Archer Armor
Smart_ass
11:43 Feudal Age
12:28 Horse Collar
15:02 Double-Bit Axe
21:35 Castle Age
22:03 Castle Age
20:27 Stone Mining
27:23 Wheelbarrow
27:32 Forging
27:23 Scale Mail Armor
27:28 Scale Barding Armor
27:24 Padded Archer Armor
32:23 Husbandry
32:33 Bloodlines
31:44 Light Cavalry
34:49 Iron Casting
34:04 Fletching
34:38 Chain Barding Armor
38:16 Imperial Age
36:45 Hand Cart
36:19 Town Watch
36:15 Pikeman
36:16 Man-at-Arms
36:41 Arson
38:22 Chain Mail Armor
37:57 Fletching
39:29 Gold Mining
40:14 Stone Shaft Mining
39:57 Elite Ballista Elephant
40:02 Elite Battle Elephant
41:26 Fortified Wall
42:00 Ballistics
41:50 Masonry
41:37 Murder Holes
42:43 Chemistry
45:29 Elite Ballista Elephant
49:02 Town Patrol
54:33 Blast Furnace
54:08 Plate Barding Armor
53:49 Leather Archer Armor
53:30 Bodkin Arrow
59:15 Tusk Swords
59:17 Double Crossbow
62:28 Hoardings
68:19 Ring Archer Armor
67:50 Bracer
68:33 Gold Shaft Mining
69:21 Cavalier
69:23 Hussar
69:50 Loom
70:27 Sanctity
70:08 Devotion
70:47 Coinage
70:17 Caravan
72:38 Long Swordsman
72:38 Halberdier
73:42 Bow Saw
77:32 Redemption
77:23 Devotion
77:43 Sanctity
77:49 Illumination
77:34 Fervor
77:20 Herbal Medicine
78:00 Theocracy
78:06 Architecture
77:41 Siege Engineers
77:27 Heated Shot
77:28 Guard Tower
77:44 Siphons
77:49 Clinker Construction
77:50 Careening
79:10 Banking
78:03 Two-Handed Swordsman
Connection lost

Rejoining the realm…

Still unreachable

The connection could not be restored.

Session expired

The server has moved on; the page needs a fresh start.